 Dungeon Crawl Stone Soup version 0.31-a0-851-g7ff8af7976 (webtiles) character file.

Game seed: 8203159524129949828

534 LeprechaunX the Changeling (level 7, -2/46 HPs)
             Began as an Octopode Shapeshifter on Oct 6, 2023.
             Was an Initiate of Ru.
             Succumbed to a gnoll's poison
             ... on level 4 of the Dungeon.
             The game lasted 00:04:11 (3460 turns).

LeprechaunX the Changeling (Octopode Shapeshifter)  Turns: 3460, Time: 00:04:11

Health: -2/46      AC:  1    Str: 15    XL:     7   Next: 25%
Magic:  8/8        EV: 14    Int: 12    God:    Ru [......]
Gold:   261        SH:  0    Dex: 12    Spells: 6/8 levels left

rFire   . .          .
                       - Unarmed
rCold   . . .        (no shield)
rNeg    . . .        (helmet currently unavailable)
rPois   .            t - amulet of regeneration
rElec   .            h - ring of resist corrosion
rCorr   +            (no ring)
SInv    .            (no ring)
Will    +....        (no ring)
Stlth   ++           (no ring)
HPRegen 1.07/turn    (no ring)
MPRegen 0.11/turn    (no ring)
                     (no ring)

%: no passive effects
@: lethally poisoned (-2 -> -15), beast-form, enlightened, flying
A: beast (slay +2), almost no armour, amphibious, 8 rings, camouflage 1,
gelatinous body 1, (nimble swimmer 1), tentacles
a: Begin Untransformation, Renounce Religion


You were on level 4 of the Dungeon.
You worshipped Ru.
Ru was noncommittal.
You were a hulking beast.
You visited 2 branches of the dungeon, and saw 5 of its levels.

You collected 261 gold pieces.

Inventory:

Jewellery
 h - a ring of resist corrosion (left tentacle)
 t - an amulet of regeneration (around mantle)
Talismans
 b - a beast talisman (active)
 c - a flux talisman
 m - a blade talisman
 s - a maw talisman
Scrolls
 a - a scroll of poison {unknown}
 d - a scroll of teleportation {unknown}
 f - 7 scrolls of identify {unknown}
 g - 2 scrolls of noise {unknown}
 i - 2 scrolls of immolation {unknown}
 k - a scroll of amnesia {unknown}
 n - a scroll of torment {unknown}
 o - 2 scrolls of fog {unknown}
 v - a scroll of revelation {unknown}
Potions
 e - a potion of enlightenment
 j - 2 potions of cancellation {unknown}
 l - 2 potions of lignification
 p - a potion of mutation {unknown}
 q - 2 potions of heal wounds {unknown}
 r - a potion of curing {unknown}
 u - 2 potions of might {unknown}


   Skills:
 + Level 3.1 Fighting
 + Level 3.6 Dodging
 + Level 4.2 Unarmed Combat
 + Level 1.3 Spellcasting
 + Level 1.3 Translocations
 * Level 5.0 Shapeshifting


You had 6 spell levels left.
You knew the following spells:

 Your Spells              Type           Power      Damage    Failure   Level
a - Blink                 Tloc           8%         N/A       26%         2

Your spell library contained the following spells:

 Spells                   Type           Power      Damage    Failure   Level
 Lesser Beckoning         Tloc           8%         N/A       26%         2
 Freeze                   Ice            0%         1d3       30%         1
 Slow                     Hex            0%         N/A       30%         1
 Momentum Strike          Conj/Tloc      4%         3d8       32%         2
 Ensorcelled Hibernation  Hex/Ice        0%         N/A       41%         2
 Passwall                 Tmut/Erth      0%         N/A       41%         2
 Confusing Touch          Hex            0%         N/A       65%         3
 Dazzling Flash           Conj/Hex       0%         N/A       65%         3
 Frozen Ramparts          Ice            0%         1d1       65%         3
 Hailstorm                Conj/Ice       0%         3d3       65%         3
 Sigil of Binding         Hex            0%         N/A       65%         3
 Swiftness                Air            0%         N/A       65%         3
 Vampiric Draining        Necr           0%         2d6       65%         3
 Agony                    Necr           0%         N/A       100%        5
 Silence                  Hex/Air        0%         N/A       100%        5
 Simulacrum               Ice/Necr       0%         N/A       100%        6
 Ozocubu's Refrigeration  Ice            0%         4d7       100%        7
 Polar Vortex             Ice            0%         N/A       100%        9


Dungeon Overview and Level Annotations

Branches:
Dungeon (4/15)             Temple (1/1) D:4

Altars:
Cheibriados
Fedhas
Gozag
Hepliaklqana
Kikubaaqudgha
Makhleb
Nemelex Xobeh
Okawaru
Qazlal
Ru
Sif Muna
Trog
Vehumet
Wu Jian
Xom
Yredelemnul
Zin

Annotations:
D:3 1 runed translucent door, Crazy Yiuf


Innate Abilities, Weirdness & Mutations

You are a hulking beast.
Your limbs bulge with bestial killing power. (Slay +2)
You cannot wear most types of armour.
You are amphibious.
You can wear up to eight rings at the same time.
Your skin changes colour to match your surroundings (Stealth+).
Your rubbery body absorbs attacks. (AC +1, EV +1)
((You are camouflaged when in or above water. (Stealth+)))
You have tentacles for arms and can constrict up to eight enemies at once.


Message History

You tentacle-slap the gnoll bouda but do no damage.
You constrict the gnoll bouda.
The gnoll bouda hits you with a +0 club!
You tentacle-slap the gnoll bouda.
You tentacle-slap the gnoll bouda, but do no damage.
You squeeze the gnoll bouda!
The gnoll bouda is severely wounded.
You constrict the gnoll bouda.
The gnoll bouda mumbles some strange prayers to its god.
The gnoll bouda is healed somewhat.
You tentacle-slap the gnoll bouda.
The gnoll bouda is severely wounded.
You constrict the gnoll bouda.
A gnoll comes into view. It is wielding a +0 flail of draining.
The gnoll bouda struggles to escape constriction.
You tentacle-slap the gnoll bouda.
You kill the gnoll bouda!
The gnoll misses you.
The gnoll hits you from afar with a +1 spear of venom.
You are poisoned.
Your Shapeshifting skill increases to level 5!
You barely miss the gnoll. You grab the gnoll. You squeeze the gnoll.
The gnoll is lightly wounded.
You constrict the gnoll.
You feel very sick. The gnoll barely misses you.
The gnoll hits you from afar with a +1 spear of venom!
You are more poisoned.
You release your grip on the gnoll.
You feel very sick. The gnoll attacks as it pursues you!
The gnoll hits you from afar with a +1 spear of venom!
* * * LOW HITPOINT WARNING * * *
You are lethally poisoned!
* * * LOW HITPOINT WARNING * * *
You feel very sick.
It was a potion of enlightenment.
You feel very buoyant.
You fly up into the air.
You die...

####### ....... .......
.≈≈≈≈ ... .# #)### ≈.#
.#.≈ #)g.# ≈.# # ...≈
#._g#.≈.## ##
#.≈.#..h#.≈..# .#
#.≈.###.#.≈..# . ..
#.≈.......≈..# .##.#
#.≈≈≈≈≈≈≈≈≈..# ###.#
#............# # #.#
######.##.##.#
###.###########.......#
....##.....>....#######
###.##.##########


You could see 2 gnolls.

Vanquished Creatures
  Sigmund (D:2)
  An ogre (D:4)
  A gnoll bouda (D:4)
  Natasha (thrice) (D:3)
  Robin (D:3)
  5 gnolls (D:4)
  4 adders
  A worm (D:3)
  3 dart slugs
  5 orcs
  6 bats
  4 endoplasms
  2 giant cockroaches (D:3)
  11 goblins
  8 hobgoblins
  5 jackals
  4 quokkas
  2 ball pythons (D:1)
  5 frilled lizards
  5 kobolds
  9 rats
86 creatures vanquished.

Notes
Turn   | Place    | Note
-------+----------+-------------------------------------------
     0 | D:1      | LeprechaunX the Octopode Shapeshifter began the quest for
                  | the Orb.
     0 | D:1      | Reached XP level 1. HP: 13/13 MP: 1/1
   174 | D:1      | Reached XP level 2. HP: 18/18 MP: 2/2
   583 | D:1      | Reached XP level 3. HP: 23/23 MP: 3/3
   981 | D:2      | Noticed Sigmund
   995 | D:2      | Killed Sigmund
   996 | D:2      | Reached skill level 4 in Shapeshifting
   996 | D:2      | Reached XP level 4. HP: 30/30 MP: 4/4
   996 | D:2      | Reached XP level 5. HP: 35/35 MP: 5/5
  1063 | D:2      | Learned a level 2 spell: Blink
  1480 | D:2      | Reached XP level 6. HP: 34/41 MP: 6/6
  1726 | D:2      | Found a faded altar of an unknown god.
  1903 | D:3      | Found a runed translucent door.
  1904 | D:3      | Noticed Crazy Yiuf
  2043 | D:3      | Noticed Robin
  2047 | D:3      | Killed Robin
  2321 | D:3      | Noticed Natasha
  2327 | D:3      | Killed Natasha
  2564 | D:3      | Noticed Natasha
  2570 | D:3      | Killed Natasha
  2811 | D:3      | Noticed Natasha
  2820 | D:3      | Killed Natasha
  2884 | D:4      | Found a staircase to the Ecumenical Temple.
  2931 | Temple   | Entered the Ecumenical Temple
  2950 | Temple   | Became a worshipper of Ru the Awakened
  3014 | D:4      | Reached skill level 1 in Spellcasting
  3014 | D:4      | Reached skill level 1 in Translocations
  3014 | D:4      | Reached XP level 7. HP: 46/46 MP: 8/8
  3440 | D:4      | Found a hazy altar of Hepliaklqana.
  3457 | D:4      | Reached skill level 5 in Shapeshifting
  3459 | D:4      | HP: 2/46 [poisoned by a gnoll]
  3460 | D:4      | Succumbed to a gnoll's poison

Illustrated notes

Levels and vault maps discovered:
D:1:      orjb1_clovarrival, layout_basic, minivault_19
D:2:      layout_basic, shapermc_ecumenical_altar_mp_vishouse, uniq_sigmund
D:3:      layout_basic, uniq_natasha, uniq_robin, uniq_crazy_yiuf_cottage
D:4:      layout_loops_ring, mainiacjoe_overflow_brackets,
          minmay_temple_entry_arrows, minmay_surrounded
Temple:   nicolae_temple_x_marks_the_god

Skill      XL: |  1  2  3  4  5  6  7 |
---------------+----------------------+-----
Fighting       | 2 3 |  3.1
Dodging        | 3 |  3.6
Shapeshifting  | 4 5 |  5.0
Unarmed Combat | 4 |  4.2
Spellcasting   | 1 |  1.3
Translocations | 1 |  1.3

Action                     |  1- 3 |  4- 6 |  7- 9 || total
---------------------------+-------+-------+-------++-------
  Melee: Unarmed           |    70 |    81 |    33 ||   184
         Constrict         |    13 |    22 |    11 ||    46
         Tentacles         |     6 |    14 |     7 ||    27
         Punch             |       |     3 |     2 ||     5
    Use: Potion            |     1 |       |     1 ||     2
   Stab: Sleeping          |     7 |     8 |       ||    15
         Distracted        |       |     1 |       ||     1
 Armour: Skin              |    34 |    21 |    10 ||    65
  Dodge: Dodged            |    53 |    35 |    13 ||   101

Table legend: (Time is in decaauts)
 A = Elapsed time spent in this place.
 B = Non-inter-level travel time spent in this place.
 C = Inter-level travel time spent in this place.
 D = Time resting spent in this place.
 E = Time spent auto-exploring this place.
 F = Levels seen in this place.
 G = Mean time per level.
                   A        B        C        D        E       F      G
               +--------+--------+--------+--------+--------+-----+--------+
         Total |   3446 |   3335 |    111 |      0 |   2783 |   5 |  689.2 |
       Dungeon |   3420 |   3309 |    111 |      0 |   2783 |   4 |  855.0 |
        Temple |     25 |     25 |      0 |      0 |      0 |   1 |   25.0 |
               +--------+--------+--------+--------+--------+-----+--------+

Top non-repeatable levels by time:
     D:3: 1014 daAuts
     D:2: 918 daAuts
     D:1: 916 daAuts
     D:4: 572 daAuts
  Temple: 25 daAuts
